 Dungeon Crawl Stone Soup version 0.28-a0-1435-g82390b3a13 (webtiles) character file.

Game seed: 5054903428397520257

58 hashsling the Conjurer (level 4, -3/25 HPs)
             Began as a Kobold Wanderer on Jan 9, 2022.
             Slain by a goblin (5 damage)
             ... led by Robin
             ... on level 2 of the Dungeon.
             The game lasted 00:08:41 (1870 turns).

hashsling the Conjurer (Kobold Wanderer)            Turns: 1870, Time: 00:08:42

Health: -3/25      AC:  3    Str:  8    XL:     4   Next: 20%
Magic:  0/8        EV: 13    Int: 12    God:
Gold:   58         SH:  0    Dex: 18    Spells: 7/8 levels left

rFire   . . .      SeeInvis .   e - +1 dagger (holy)
rCold   + . .      Faith    .   (no shield)
rNeg    . . .      Spirit   .   c - +0 robe
rPois   .          Reflect  .   (no helmet)
rElec   .          Harm     .   (no cloak)
rCorr   .          Rampage  .   a - +0 pair of gloves
Will    .....                   (no boots)
Stlth   +++.......              (no amulet)
HPRegen 0.08/turn               d - ring of protection from cold
MPRegen 0.11/turn               (no ring)

@: flying
A: small, no large weapons, nightstalker 3
a: no special abilities


You were on level 2 of the Dungeon.
You visited 1 branch of the dungeon, and saw 2 of its levels.

You collected 58 gold pieces.

Inventory:

Hand Weapons
 e - a +1 dagger of holy wrath (weapon)
Missiles
 g - 17 bolts
Armour
 a - a +0 pair of gloves (worn)
 b - a +0 buckler
 c - a +0 robe (worn)
 i - an orb of energy
Jewellery
 d - a ring of protection from cold (left hand)
Potions
 f - a potion of might
 h - a potion of flight


   Skills:
 + Level 1.6 Fighting
 * Level 3.4 Short Blades
 - Level 1.0 Armour
 - Level 1.0 Shields
 + Level 2.7 Spellcasting
 + Level 4.3 Conjurations


You had 7 spell levels left.
You knew the following spells:

 Your Spells              Type           Power      Damage    Failure   Level
a - Magic Dart            Conj           48%        1d5       4%          1

Your spell library contained the following spells:

 Spells                   Type           Power      Damage    Failure   Level
 Static Discharge         Conj/Air       6%         N/A       16%         2
 Animate Skeleton         Necr           2%         N/A       26%         1
 Pain                     Necr           4%         1d4       26%         1
 Stone Arrow              Conj/Erth      12%        3d7       30%         3
 Vampiric Draining        Necr           1%         2d6       58%         3


Dungeon Overview and Level Annotations

Branches:
Dungeon (2/15)

Altars:

Annotations:
D:2 Robin


Innate Abilities, Weirdness & Mutations

You are small and have problems with some larger weapons.
You are completely attuned to the shadows.


Message History

Robin is heavily wounded.
The goblin hits you but does no damage. The goblin closely misses you.
Robin completely misses you. The hobgoblin closely misses you.
Casting: Magic Dart (safe; 4% risk of failure)
Confirm with . or Enter, or press ? or * to list all spells.
Aiming: Magic Dart (safe; 4% risk of failure)
Press: ? - help, Shift-Dir - straight line, f/p - Robin
Aim: Robin, wielding a +0 dagger, wearing a +0 animal skin and wearing a +0 helmet (heavily wounded, 100% to hit)
The magic dart hits Robin.
Robin is severely wounded.
The goblin hits you with a +0 dagger. The goblin closely misses you.
Robin misses you. The hobgoblin barely misses you.
Casting: Magic Dart (safe; 4% risk of failure)
Confirm with . or Enter, or press ? or * to list all spells.
Aiming: Magic Dart (safe; 4% risk of failure)
Press: ? - help, Shift-Dir - straight line, f/p - Robin
Aim: Robin, wielding a +0 dagger, wearing a +0 animal skin and wearing a +0 helmet (severely wounded, 100% to hit)
The magic dart hits Robin.
Robin is almost dead.
A kobold comes into view. It is wielding a +0 short sword.
The goblin completely misses you. The goblin hits you with a +0 dagger.
The hobgoblin hits you.
It was a potion of flight.
You feel very buoyant.
You fly up into the air.
The hobgoblin no longer looks unusually strong.
The goblin closely misses you.
A hobgoblin comes into view.
The goblin hits you with a +0 dagger.
* * * LOW HITPOINT WARNING * * *
Robin flexes a bicep menacingly.
Robin roars a battlecry!
The hobgoblin goes into a battle-frenzy!
The hobgoblin barely misses you.
You barely miss the goblin.
The goblin is moderately wounded.
The goblin hits you with a +0 dagger.
* * * LOW HITPOINT WARNING * * *
The goblin hits you with a +0 dagger.
You die...

#.####......##.####
#...........#......
#......######.#.###
..............#.#
.......####........#
#......# #.####.#.#
#......# #..<# ...#
#......# ########g.###
#......# #.....g@ggKg)
.......# #.######g.###
.......###.#.........#
...###.............#.#
...# #......#g..#g## #
...# #..............
...# #......#...##.#
.... .......#.. ....


You could see Robin, 3 hobgoblins, 3 goblins and a kobold.

Vanquished Creatures
  2 adders (D:2)
  A worm (D:2)
  5 endoplasms
  3 giant cockroaches (D:1)
  5 goblins
  3 hobgoblins
  2 jackals (D:1)
  A quokka (D:2)
  A ball python (D:1)
  5 bats
  2 kobolds (D:2)
  2 rats (D:1)
32 creatures vanquished.

Notes
Turn   | Place    | Note
-------+----------+-------------------------------------------
     0 | D:1      | hashsling the Kobold Wanderer began the quest for the Orb.
     0 | D:1      | hashsling set off with the following items: a +0 short
                  | sword, a +0 buckler, a +0 robe; and the following spell
                  | memorised: Magic Dart; and the following spells available
                  | to memorise: Static Discharge, Stone Arrow
     0 | D:1      | Reached XP level 1. HP: 12/12 MP: 3/3
   252 | D:1      | Reached XP level 2. HP: 16/16 MP: 0/5
   983 | D:1      | Reached XP level 3. HP: 20/20 MP: 1/6
  1546 | D:2      | Reached XP level 4. HP: 18/25 MP: 2/8
  1854 | D:2      | Noticed Robin
  1870 | D:2      | Slain by a goblin

Illustrated notes

Levels and vault maps discovered:
D:1:      minmay_arrival_nine_rooms, layout_loops_ring
D:2:      layout_basic, grunt_ministairs_1, nrook_campfire, uniq_robin

Skill      XL: |  1  2  3 |
---------------+----------+-----
Short Blades   | 2 3 |  3.4
Fighting       | |  1.6
Armour         | |  1.0
Shields        | |  1.0
Spellcasting   | |  2.7
Conjurations   | |  4.3

Action                   |  1- 3 |  4- 6 || total
-------------------------+-------+-------++-------
Melee: Short sword       |    13 |       ||    13
       Dagger            |    31 |    10 ||    41
 Cast: Magic Dart        |    57 |    16 ||    73
  Use: Scroll            |     2 |       ||     2
       Potion            |       |     1 ||     1
Armor: Robe              |     7 |     6 ||    13
Dodge: Dodged            |    25 |    20 ||    45
Block: Buckler           |    14 |     2 ||    16

Table legend: (Time is in decaauts)
 A = Elapsed time spent in this place.
 B = Non-inter-level travel time spent in this place.
 C = Inter-level travel time spent in this place.
 D = Time resting spent in this place.
 E = Time spent auto-exploring this place.
 F = Levels seen in this place.
 G = Mean time per level.
                   A        B        C        D        E       F      G
               +--------+--------+--------+--------+--------+-----+--------+
         Total |   1867 |   1824 |     43 |      0 |   1568 |   2 |  933.5 |
       Dungeon |   1867 |   1824 |     43 |      0 |   1568 |   2 |  933.5 |
               +--------+--------+--------+--------+--------+-----+--------+

Top non-repeatable levels by time:
     D:1: 1231 daAuts
     D:2: 636 daAuts
